Map: Kairos Junction LE

Players

SKillous

  • Race: Protoss Protoss
  • Spawn Location: 5:00

ShaDoWn - Winner!

  • Race: Protoss Protoss
  • Spawn Location: 11:00

Event: 2019 WCS Spring

VOD

Have the link to the VOD?

Description

Time

  • Played on: May 17, 2019, 10:49 a.m.
  • Length: 11:06

All games in this series

Show
View Real Time Build Order
Export as new Build Order

SKillous Protoss 

Build Orders:  

Get SALT Encoding   

  12  0:01  Probe  
  13  0:14  Probe  
  14  0:17  Pylon  
  14  0:25  Probe  
  15  0:33  Probe  
  15  0:40  Gateway  
  15  0:41  Probe  
  16  0:46  Assimilator  
  17  0:52  Probe  
  17  0:55  Assimilator  
  18  1:00  Probe  
  19  1:08  Probe, Gateway  
  20  1:18  Probe  
  21  1:27  Cybernetics Core  
  21  1:30  Probe  
  22  1:33  Pylon  
  22  1:42  Probe  
  23  1:53  Warp Gate  
  23  1:55  Probe  
  24  2:02  Adept  
  24  2:03  Adept  
  24  2:08  Pylon  
  28  2:16  Twilight Council  
  28  2:32  Adept x2  
  31  2:42  Resonating Glaives  
  31  3:02  Adept x2  
  35  3:21  Nexus, Pylon  
  35  3:26  Probe  
  35  3:38  Probe  
  34  3:42  Adept, Shield Battery  
  34  3:44  Adept  
  38  3:50  Probe  
  39  3:57  Robotics Facility  
  39  4:03  Probe  
  37  4:10  Stalker  
  37  4:15  Probe  
  33  4:32  Probe  
  33  4:33  Probe  
  28  4:40  Probe  
  28  4:41  Probe  
  26  4:48  Probe  
  25  4:55  Probe  
  25  4:58  Adept  
  26  5:00  Probe  
  26  5:07  Probe  
  26  5:11  Probe  
  26  5:14  Adept  
  25  5:19  Probe  
  25  5:20  Probe  
  27  5:31  Stalker  
  27  5:32  Probe  
  30  5:36  Probe  
  31  5:44  Probe  
  31  5:45  Probe  
  33  5:56  Probe  
  33  5:57  Probe  
  27  6:08  Probe  
  27  6:10  Probe  
  24  6:17  Probe  
  23  6:23  Probe  
  25  6:25  Probe  
  26  6:37  Probe  
  28  6:47  Probe x2, Dark Shrine  
  25  6:59  Probe  
  26  7:03  Stalker  
  28  7:12  Stalker  
  28  7:15  Probe  
  31  7:19  Probe  
  32  7:27  Probe  
  33  7:32  Probe  
  33  7:36  Adept  
  36  7:38  Probe  
  36  7:39  Adept  
  36  7:41  Probe  
  39  7:46  Probe  
  42  8:02  Dark Templar x2  
  45  8:05  Probe  
  45  8:08  Probe  
  45  8:18  Probe  
  46  8:20  Probe  
  47  8:30  Probe  
  47  8:32  Probe  
  47  8:42  Probe  
  47  8:45  Dark Templar x2, Probe  
  51  9:08  Gateway  
  49  9:12  Gateway  
  49  9:13  Gateway  
  49  9:14  Gateway  
  49  9:17  Adept x2  
  49  9:19  Archon  
  53  9:31  Gateway  
  53  9:39  Adept x2  
  57  9:46  Pylon  
  57  10:05  Adept x3  
  63  10:08  Adept  
  63  10:09  Adept  
  63  10:10  Adept  
  63  10:13  Pylon  
  63  10:14  Pylon  
  69  10:17  Gateway  
  69  10:33  Adept x7  
  83  10:35  Pylon  
  83  10:39  Pylon  
  83  10:55  Adept x4  
  87  10:58  Adept  
Show
View Real Time Build Order
Export as new Build Order

ShaDoWn Protoss - Winner!

Build Orders: Oracle Opening 

Get SALT Encoding   

  12  0:01  Probe  
  13  0:13  Probe  
  14  0:17  Pylon  
  14  0:25  Probe  
  15  0:33  Probe  
  15  0:38  Gateway  
  15  0:41  Probe  
  16  0:48  Assimilator  
  17  0:52  Probe  
  17  0:55  Assimilator  
  18  1:01  Probe  
  19  1:09  Probe  
  19  1:11  Gateway  
  19  1:18  Probe  
  21  1:25  Cybernetics Core  
  21  1:30  Probe  
  22  1:35  Pylon  
  22  1:42  Probe  
  23  1:54  Probe  
  24  2:02  Warp Gate, Adept  
  24  2:06  Probe  
  29  2:09  Pylon  
  29  2:12  Adept  
  29  2:26  Stargate  
  29  2:31  Adept  
  31  2:42  Adept  
  33  2:48  Pylon  
  33  2:59  Probe, Shield Battery  
  33  3:00  Oracle  
  33  3:01  Adept  
  36  3:12  Adept  
  39  3:37  Oracle  
  40  3:46  Nexus  
  40  3:53  Probe  
  41  3:58  Sentry  
  41  3:59  Zealot  
  43  4:12  Cybernetics Core  
  43  4:22  Oracle  
  46  4:27  Adept  
  46  4:37  Adept  
  45  4:40  Probe  
  41  4:51  Adept  
  26  5:07  Probe  
  26  5:13  Probe  
  26  5:17  Probe  
  27  5:25  Probe x2  
  28  5:34  Probe  
  29  5:37  Probe  
  31  5:46  Probe  
  31  5:49  Stalker  
  34  5:50  Shield Battery  
  32  6:01  Stalker  
  32  6:04  Probe  
  34  6:10  Probe  
  31  6:12  Probe  
  31  6:18  Probe  
  33  6:20  Probe  
  35  6:26  Stalker  
  35  6:27  Probe  
  35  6:30  Probe  
  38  6:39  Probe  
  39  6:42  Probe  
  39  6:49  Probe  
  40  6:54  Probe  
  40  6:57  Probe  
  40  6:59  Robotics Facility  
  41  7:04  Probe  
  41  7:05  Probe  
  43  7:13  Probe  
  44  7:17  Probe  
  44  7:21  Probe  
  44  7:22  Shield Battery  
  46  7:29  Probe  
  48  7:33  Probe  
  48  7:36  Forge  
  49  7:38  Sentry  
  49  7:41  Pylon  
  52  7:45  Probe  
  53  7:51  Assimilator  
  53  7:52  Immortal  
  53  7:54  Assimilator  
  56  7:59  Probe  
  56  8:00  Probe  
  56  8:03  Twilight Council  
  58  8:11  Probe  
  60  8:33  Gateway  
  63  8:34  Observer  
  63  8:36  Protoss Ground Weapons Level 1  
  60  8:45  Probe  
  61  8:48  Zealot x2  
  61  8:52  Observer  
  61  8:53  Probe  
  62  9:00  Probe  
  62  9:02  Charge  
  64  9:10  Templar Archives  
  64  9:11  Gateway  
  64  9:12  Gateway  
  64  9:13  Gateway  
  64  9:16  Gateway  
  65  9:22  Warp Prism  
  67  9:27  Gateway  
  67  9:30  Pylon  
  66  9:38  Pylon  
  66  9:41  Zealot x2  
  66  9:44  Pylon  
  66  9:45  Immortal  
  70  9:52  Pylon  
  74  10:00  Shield Battery  
  74  10:07  Zealot, High Templar x2  
  74  10:11  Archon  
  80  10:15  Zealot x2  
  84  10:21  High Templar x2  
  88  10:29  Archon  
  88  10:30  Zealot x2  
  92  10:42  Zealot x2, High Templar x2  
  100  10:43  Pylon  
  100  10:46  Archon  
  100  10:56  Zealot x3  
  100  11:02  Zealot x2  
  88  11:05  Zealot  
Tags
 
Add a new tag
Caveats
  • Supply blocks, unpowered buildings, or Contaminate may cause inaccurate times.
  • Supply counts are checked every 10 seconds.